 Dungeon Crawl Stone Soup version 0.31-a0-750-gfe7b580527 (webtiles) character file.

Game seed: 18008900986208779616

449 Newt the Skirmisher (level 7, -1/44 HPs)
             Began as a Kobold Hunter on Sept 14, 2023.
             Slain by Duvessa
             ... wielding a +2 short sword of speed
              (8 damage)
             ... on level 5 of the Dungeon.
             The game lasted 00:04:27 (4159 turns).

Newt the Skirmisher (Kobold Hunter)                 Turns: 4159, Time: 00:04:28

Health: -1/44      AC:  3    Str: 11    XL:     7   Next: 25%
Magic:  7/7        EV: 15    Int: 10    God:
Gold:   267        SH:  0    Dex: 22    Spells: 6/6 levels left

rFire   . . .        a - +0 shortbow
rCold   . . .        (shield currently unavailable)
rNeg    . . .        g - +0 leather armour of Durable Lucidity {Will+ Str+2 Dex+2}
rPois   .            (no helmet)
rElec   .            (no cloak)
rCorr   .            (no gloves)
SInv    .            (no boots)
Will    +....        (no amulet)
Stlth   +++          (no ring)
HPRegen 0.27/turn    (no ring)
MPRegen 0.10/turn

%: no passive effects
@: no status effects
A: small, no large weapons, nightstalker 3
a: no special abilities


You were on level 5 of the Dungeon.
You visited 1 branch of the dungeon, and saw 5 of its levels.

You collected 267 gold pieces.

Inventory:

Hand Weapons
 a - a +0 shortbow (weapon)
Armour
 c - a +1 leather armour
 g - the +0 leather armour of Durable Lucidity (worn) {Will+ Str+2 Dex+2}
   (You found it on level 3 of the Dungeon)

   Str+2:     It affects your strength (+2).
   Dex+2:     It affects your dexterity (+2).
   Will+:     It increases your willpower.
 l - the +0 scale mail of the Ecumenical Temple {rC- rN++ Dex+2 SInv}
   (You found it on level 2 of the Dungeon)

   Dex+2:     It affects your dexterity (+2).
   rC-:       It makes you vulnerable to cold.
   rN++:      It greatly protects you from negative energy.
   SInv:      It lets you see invisible.
Scrolls
 b - a scroll of butterflies
 e - 2 scrolls of identify
 h - a scroll of teleportation
 m - 2 scrolls of enchant armour
 p - a scroll of blinking {unknown}
Potions
 d - 3 potions of might
 f - 2 potions of enlightenment
 i - a potion of curing
 j - a potion of degeneration
 k - a potion of mutation
 n - a potion of resistance


   Skills:
 - Level 5.0 Fighting
 + Level 9.2 Ranged Weapons
 - Level 2.4 Dodging
 - Level 1.3 Stealth


You had 6 spell levels left.
You didn't know any spells.
Your spell library contained the following spells:

 Spells                   Type           Power      Damage    Failure   Level
 Apportation              Tloc           0%         N/A       45%         1
 Freeze                   Ice            0%         1d3       45%         1
 Necrotise                Necr           0%         1d4       45%         1
 Summon Small Mammal      Summ           0%         N/A       45%         1
 Dazzling Flash           Conj/Hex       0%         N/A       83%         3
 Frozen Ramparts          Ice            0%         1d1       83%         3
 Hailstorm                Conj/Ice       0%         3d3       83%         3
 Ignite Poison            Fire/Tmut/Pois 0%         N/A       83%         3
 Volatile Blastmotes      Fire/Tloc      0%         2d10      83%         3
 Sticky Flame             Conj/Fire      0%         2d3       99%         4
 Starburst                Conj/Fire      0%         6d3       100%        6
 Ignition                 Fire           0%         3d3       100%        8
 Maxwell's Capacitive Co  Air            0%         ∞         100%        8


Dungeon Overview and Level Annotations

Branches:
Dungeon (5/15)             Temple (0/1) D:5

Altars:
Cheibriados
Gozag
Ru
Sif Muna
Uskayaw
The Shining One

Shops:
D:5 =

Annotations:
D:5 Duvessa


Innate Abilities, Weirdness & Mutations

You are small and have problems with some larger weapons.
You are completely attuned to the shadows.


Message History

p - a scroll labelled LAOBLA POTA You see here a scarf of resistance.
You're in a travel-excluded area, stopping explore.
You're in a travel-excluded area, stopping explore.
You're in a travel-excluded area, stopping explore.
You're in a travel-excluded area, stopping explore.
You're in a travel-excluded area, stopping explore.
No target in view!
No target in view!
Unknown command.
You're in a travel-excluded area, stopping explore.
You're in a travel-excluded area, stopping explore.
You start waiting.
Done waiting.
You start waiting.
You hear a distant scream of rage.
Unknown command.
Found a staircase to the Ecumenical Temple.
Duvessa, Sister of Dowan comes into view.
She is wielding a +2 short sword of speed.
Duvessa is nearby!
Duvessa is nearby!
You shoot an arrow.
Duvessa shouts!
The arrow hits Duvessa but does no damage.
Duvessa goes berserk!
You shoot an arrow. The arrow hits Duvessa!
Duvessa is lightly wounded.
You shoot an arrow. The arrow barely misses Duvessa.
Duvessa barely misses you.
Duvessa hits you with a +2 short sword of speed.
Duvessa completely misses you.
Duvessa hits you with a +2 short sword of speed! x2
* * * LOW HITPOINT WARNING * * *
Unknown command.
Throw: throwing net
Press: ? - help, Shift-Dir - straight line, f/p - Duvessa
Aim: Duvessa, wielding a +2 short sword of speed and wearing a +0 leather armour (lightly wounded, berserk, 66% to hit)
You throw a throwing net.
The throwing net closely misses Duvessa.
Duvessa hits you with a +2 short sword of speed!
You die...

°.........
.........
°........
○......°°
°.......○
.......°.
○........
...e.....
....@....
○.......°
.○..>....
#########


You could see Duvessa (berserk).

Vanquished Creatures
  A water moccasin (D:4)
  A phantom (D:4)
  A gnoll bouda (D:5)
  An orc priest (D:3)
  An iguana (D:4)
  An orc wizard (D:2)
  3 gnolls (D:5)
  5 adders
  3 dart slugs
  15 orcs
  4 endoplasms
  7 giant cockroaches
  3 hobgoblins
  4 jackals (D:4)
  5 kobolds
  2 quokkas (D:2)
  7 ball pythons
  5 bats
  A frilled lizard (D:1)
  3 goblins
  4 rats
77 creatures vanquished.

Vanquished Creatures (others)
  Dowan (D:5)
  A quokka (D:5)
2 creatures vanquished.

Grand Total: 79 creatures vanquished

Notes
Turn   | Place    | Note
-------+----------+-------------------------------------------
     0 | D:1      | Newt the Kobold Hunter began the quest for the Orb.
     0 | D:1      | Reached XP level 1. HP: 12/12 MP: 1/1
   307 | D:1      | Reached XP level 2. HP: 18/18 MP: 2/2
   884 | D:2      | Identified the +0 scale mail of the Ecumenical Temple {rC-
                  | rN++ Dex+2 SInv}
  1044 | D:2      | Reached XP level 3. HP: 24/24 MP: 3/3
  1105 | D:2      | Reached XP level 4. HP: 10/30 MP: 4/4
  1708 | D:2      | Reached skill level 5 in Fighting
  1925 | D:3      | Found a sacrificial altar of Ru.
  1998 | D:3      | Reached skill level 6 in Ranged Weapons
  1998 | D:3      | Reached XP level 5. HP: 28/35 MP: 5/5
  2062 | D:3      | Identified the +0 leather armour of Durable Lucidity {Will+
                  | Str+2 Dex+2}
  2489 | D:3      | Found an opulent altar of Gozag.
  3025 | D:4      | Reached skill level 7 in Ranged Weapons
  3054 | D:4      | Reached XP level 6. HP: 40/40 MP: 6/6
  3220 | D:4      | Noticed a water moccasin
  3230 | D:4      | Killed a water moccasin
  3231 | D:4      | Reached skill level 8 in Ranged Weapons
  3519 | D:4      | Found a snail-covered altar of Cheibriados.
  3524 | D:4      | Found a faded altar of an unknown god.
  3526 | D:4      | Found a shimmering blue altar of Sif Muna.
  3527 | D:4      | Found a hide-covered altar of Uskayaw.
  3534 | D:4      | Found a glowing golden altar of the Shining One.
  3576 | D:4      | Reached XP level 7. HP: 25/44 MP: 7/7
  3895 | D:5      | Entered Level 5 of the Dungeon
  3899 | D:5      | Found Dekak's Jewellery Shoppe.
  3918 | D:5      | Reached skill level 9 in Ranged Weapons
  4144 | D:5      | Killed Dowan
  4153 | D:5      | Found a staircase to the Ecumenical Temple.
  4154 | D:5      | Noticed Duvessa
  4159 | D:5      | Slain by Duvessa

Illustrated notes

Levels and vault maps discovered:
D:1:      matt_arrival_refuge, layout_loops_ring
D:2:      layout_rooms, minmay_fountain_box
D:3:      layout_rooms, grunt_gozag_statues, mainiacjoe_overflow_24_doors,
          chequers_big_river, chequers_jeans, minmay_misc_feat_roman
D:4:      layout_loops_ring, chequers_temple_overflow_minitemple
D:5:      layout_rooms, mainiacjoe_overflow_alcove_2, elyvilon_altar_4,
          kennysheep_little_box, mainiacjoe_overflow_brackets,
          lemuel_temple_firewalk_a, dreamdust_princess_corridor,
          nicolae_stop_n_shop_2, corexii_hall_statues_s, item_on_display_a,
          uniq_duvessa, uniq_blork_the_orc

Skill      XL: |  1  2  3  4  5  6  7 |
---------------+----------------------+-----
Fighting       | 3 4 5 |  5.0
Ranged Weapons | 6 7 8 9 |  9.2
Dodging        | |  2.4
Stealth        | |  1.3

Action                     |  1- 3 |  4- 6 |  7- 9 || total
---------------------------+-------+-------+-------++-------
   Fire: Shortbow          |    46 |   169 |    31 ||   246
  Throw: Throwing net      |       |       |     1 ||     1
    Use: Scroll            |       |    12 |       ||    12
 Armour: Leather armour    |     9 |    25 |     8 ||    42
         Scale mail        |    10 |    42 |       ||    52
  Dodge: Dodged            |    19 |    68 |    14 ||   101

Table legend: (Time is in decaauts)
 A = Elapsed time spent in this place.
 B = Non-inter-level travel time spent in this place.
 C = Inter-level travel time spent in this place.
 D = Time resting spent in this place.
 E = Time spent auto-exploring this place.
 F = Levels seen in this place.
 G = Mean time per level.
                   A        B        C        D        E       F      G
               +--------+--------+--------+--------+--------+-----+--------+
         Total |   4217 |   4086 |    131 |    562 |   3024 |   5 |  843.4 |
       Dungeon |   4217 |   4086 |    131 |    562 |   3024 |   5 |  843.4 |
               +--------+--------+--------+--------+--------+-----+--------+

Top non-repeatable levels by time:
     D:2: 1135 daAuts
     D:3: 1037 daAuts
     D:4: 985 daAuts
     D:1: 796 daAuts
     D:5: 263 daAuts
